 Dungeon Crawl Stone Soup version 0.22-a0-571-g4a923d4b9e (webtiles) character file.

991 PikkenKukken the Skirmisher (level 7, 0/63 HPs)
             Began as a Minotaur Abyssal Knight on July 1, 2018.
             Was a Priest of Lugonu.
             Slain by an ogre
             ... wielding a +0 giant spiked club
              (5 damage)
             ... on level 6 of the Dungeon.
             The game lasted 00:10:39 (5110 turns).

PikkenKukken the Skirmisher (MiAK)                  Turns: 5110, Time: 00:10:40

Health: 0/63       AC: 11    Str: 16    XL:     7   Next: 98%
Magic:  9/9        EV:  8    Int:  7    God:    Lugonu [***...]
Gold:   243        SH:  0    Dex: 12    Spells: 6/6 levels left

rFire    x . .     SeeInvis .   b - +0 war axe
rCold    + . .     Gourm    .   (no shield)
rNeg     . . .     Faith    .   C - +0 chain mail
rPois    .         Spirit   .   (helmet restricted)
rElec    .         Reflect  .   k - +0 cloak
rCorr    +         Harm     .   (no gloves)
MR       .....                  (no boots)
Stlth    ..........             e - amulet of regeneration
HPRegen  0.60/turn              j - ring of ice
MPRegen  0.11/turn              n - ring of resist corrosion

@: no status effects
A: retaliatory headbutt, horns 2, agile 1, blurry vision 1, dopey 1, weak 1
a: Depart the Abyss, Bend Space, Banish, Renounce Religion


You were on level 6 of the Dungeon.
You worshipped Lugonu.
Lugonu was most pleased with you.
You were not hungry.

You visited 1 branch of the dungeon, and saw 6 of its levels.
You visited the Abyss 1 time.

You collected 243 gold pieces.

Inventory:

Hand Weapons
 a - a +1 hand axe
 b - a +0 war axe (weapon)
Missiles
 i - 121 arrows
 m - 48 bolts
Armour
 k - a +0 cloak (worn)
 C - a +0 chain mail (worn)
Jewellery
 e - an amulet of regeneration (around neck)
 j - a ring of ice (left hand)
 n - a ring of resist corrosion (right hand)
 r - a +2 amulet of reflection
Wands
 f - a wand of digging (13)
 w - a wand of iceblast (7)
 y - a wand of polymorph (14)
Scrolls
 d - 8 scrolls of remove curse
 g - a scroll of magic mapping
 l - 4 scrolls of teleportation
 t - a scroll of enchant armour
 z - 3 scrolls of amnesia
Potions
 h - a potion of might
 o - a potion of magic
 p - a potion of lignification
 q - a potion of curing
 s - a potion of agility
 v - a potion of flight
 x - a potion of ambrosia {unknown}
 A - 2 potions of haste
Comestibles
 c - 12 rations


   Skills:
 + Level 6.2 Fighting
 + Level 5.3 Axes
 + Level 5.3 Armour
 + Level 4.2 Dodging
 * Level 4.5 Invocations


You had 6 spell levels left.
You didn't know any spells.
Your spell library contained the following spells:

 Spells                   Type           Power        Failure   Level  Hunger
 Spider Form              Tmut/Pois      #.........   100%        3    ####...
 Blade Hands              Tmut           #.........   100%        5    ######.
 Ice Form                 Ice/Tmut       #.......     100%        4    #####..
 Sticks to Snakes         Tmut           #.......     100%        2    ###....
 Beastly Appendage        Tmut           #.....       100%        1    ##.....


Dungeon Overview and Level Annotations

Branches:
Dungeon (6/15)             Temple (0/1) D:5

Altars:
Fedhas
Sif Muna
Trog
Vehumet
Xom


Innate Abilities, Weirdness & Mutations

You reflexively headbutt those who attack you in melee.
You have a pair of horns on your head.
You are agile. (Dex +2)
Scrolls take you a little longer to read.
You are dopey. (Int -2)
You are weak. (Str -2)


Message History

The orc hits you but does no damage. x2
The ogre hits you with a giant spiked club!!
You closely miss something. Your headbutt misses something.
You hit the ogre but do no damage. Something hits you.
The orc barely misses you.
The orc hits you from afar with a trident.
Something hits you but does no damage. The orc barely misses you.
You barely miss something.
Your chain mail prevents you from hitting the ogre.
The ogre hits you with a giant spiked club!
* * * LOW HITPOINT WARNING * * *
The orc hits you but does no damage.
You hear some strange, mumbled words.
A puff of flame appears from out of thin air!
The puff of flame hits you! The fire burns you terribly!
* * * LOW HITPOINT WARNING * * *
The orc closely misses you.
You miss something. You hit the ogre but do no damage.
The ogre hits you with a giant spiked club.
You die...

....#.#..........# #...#.......##
....#.#.##'###...#.#..ยง#.......#
....#.#.#....#...#o#...#..)....##
....#.'.#..<.#...#.#...#........#
....#.#.#....#...#.#.......#.....
....#.#.#....#...#.#......##.....
....#.#.#....#.)oo.#...##.##...#+
....#.#.<#'###...#.#.............
....#.#........O@{.#....#.####(..
....#.############.#......# #...
....#..............#....#### #...
....##############'#.......# #...
........................##.# ##'#
........................##.# #.#
.......................###.####.#
.........................#......#
.######....)....##.###.#.####.#.#


You could see an ogre and 2 orcs.

Vanquished Creatures
  Grinder (D:5)
  An ogre (D:6)
  A bullfrog (D:6)
  2 scorpions
  A howler monkey (D:4)
  A crimson imp (D:5)
  2 hounds
  A centaur skeleton (D:4)
  3 orc priests
  An orc wizard (D:6)
  Jessica (D:3)
  An iguana (D:4)
  A worker ant (D:4)
  A hound skeleton (D:6)
  5 adders
  2 oozes
  An adder skeleton (D:4)
  A worm (D:3)
  2 dart slugs
  2 leopard geckos
  22 orcs
  A ball python (D:2)
  11 bats
  4 giant cockroaches
  6 goblins
  10 hobgoblins
  4 jackals (D:1)
  2 quokkas
  5 frilled lizards
  A jackal skeleton (D:4)
  6 kobolds (D:1)
  7 rats
110 creatures vanquished.

Vanquished Creatures (others)
  4 toadstools (D:1)
4 creatures vanquished.

Grand Total: 114 creatures vanquished

Notes
Turn   | Place    | Note
-------+----------+-------------------------------------------
     0 | Abyss:1  | PikkenKukken the Minotaur Abyssal Knight began the quest for the Orb.
     0 | Abyss:1  | Reached XP level 1. HP: 19/19 MP: 1/1
    22 | Abyss:1  | Found a corrupted altar of Lugonu.
    50 | Abyss:1  | Found a snail-covered altar of Cheibriados.
    64 | Abyss:1  | Noticed a small abomination
    65 | D:1      | Escaped the Abyss
    86 | D:1      | Reached * piety under Lugonu
   258 | D:1      | Reached skill level 4 in Fighting
   261 | D:1      | Reached XP level 2. HP: 19/27 MP: 2/2
   811 | D:1      | Reached XP level 3. HP: 21/34 MP: 3/3
  1363 | D:2      | Reached XP level 4. HP: 39/41 MP: 4/4
  1480 | D:2      | Gained mutation: Scrolls take you a little longer to read. [potion of mutation]
  1480 | D:2      | Gained mutation: You are weak. (Str -2) [potion of mutation]
  1480 | D:2      | Gained mutation: You are dopey. (Int -2) [potion of mutation]
  1480 | D:2      | Gained mutation: You are agile. (Dex +2) [potion of mutation]
  1560 | D:2      | Reached ** piety under Lugonu
  1979 | D:2      | Reached XP level 5. HP: 34/47 MP: 5/5
  2241 | D:3      | Noticed Jessica
  2249 | D:3      | Killed Jessica
  2432 | D:3      | Reached skill level 5 in Fighting
  2751 | D:3      | Reached XP level 6. HP: 36/56 MP: 7/7
  3026 | D:4      | Found a shimmering altar of Xom.
  3026 | D:4      | Found a deep blue altar of Sif Muna.
  3031 | D:4      | Found a blossoming altar of Fedhas.
  3035 | D:4      | Found a bloodstained altar of Trog.
  3037 | D:4      | Found a radiant altar of Vehumet.
  3212 | D:4      | Reached *** piety under Lugonu
  3766 | D:5      | Entered Level 5 of the Dungeon
  3766 | D:5      | Found a staircase to the Ecumenical Temple.
  3854 | D:5      | Noticed Grinder
  3871 | D:5      | Killed Grinder
  3871 | D:5      | Reached XP level 7. HP: 62/62 MP: 8/8
  4494 | D:6      | Reached skill level 5 in Axes
  4633 | D:6      | Reached skill level 6 in Fighting
  4633 | D:6      | Reached skill level 5 in Armour
  5110 | D:6      | Slain by an ogre

Vault maps used:
D:1:      ldierk_walled_garden_2
D:2:      hangedman_decor_push
D:3:      cheibrodos_pilgrimage, first_ration, uniq_jessica
D:4:      chequers_temple_overflow_minitemple, st_stairs_5
D:5:      minmay_temple_entry_metal_lava, uniq_grinder
D:6:      serial_shops, shop
Abyss:1:  evilmike_abyss_exit_10

Skill      XL: |  1  2  3  4  5  6  7 |
---------------+----------------------+-----
Fighting       | 4 5 6 |  6.2
Axes           | 3 4 5 |  5.3
Armour         | 3 4 5 |  5.3
Invocations    | 2 3 4 |  4.5
Dodging        | 2 3 4 |  4.2

Action                   |  1- 3 |  4- 6 |  7- 9 || total
-------------------------+-------+-------+-------++-------
Melee: Hand axe          |    85 |   200 |       ||   285
       Headbutt          |    10 |    24 |    10 ||    44
       War axe           |       |       |    69 ||    69
Invok: Depart the Abyss  |     1 |       |       ||     1
  Use: Scroll            |     6 |     4 |     6 ||    16
       Potion            |       |     2 |     2 ||     4
  Eat: Chunk             |     1 |     9 |     1 ||    11
       Ration            |       |       |     1 ||     1
Armor: Leather armour    |    18 |    24 |       ||    42
       Scale mail        |       |    69 |       ||    69
       Chain mail        |       |       |    54 ||    54
Dodge: Dodged            |    61 |   117 |    37 ||   215

Table legend:
 A = Spawn XP
 B = Non-spawn XP
 C = Spawn XP percentage of total XP
 D = Spawn monster count
 E = Non-spawn monster count
 F = Spawn count percentage of total count
 G = Total turns spent on level
                    A         B        C        D         E        F      G
               +---------+---------+-------+---------+---------+-------+---------
         Total |       0 |    1416 |   0.0 |       0 |     110 |   0.0 |  5110
               +---------+---------+-------+---------+---------+-------+---------
           D:1 |       0 |      50 |   0.0 |       0 |      28 |   0.0 |  1094
           D:2 |       0 |     150 |   0.0 |       0 |      28 |   0.0 |   794
           D:3 |       0 |     228 |   0.0 |       0 |      20 |   0.0 |   847
           D:4 |       0 |     214 |   0.0 |       0 |      18 |   0.0 |   966
           D:5 |       0 |     349 |   0.0 |       0 |       9 |   0.0 |   684
           D:6 |       0 |     425 |   0.0 |       0 |       7 |   0.0 |   660
               +---------+---------+-------+---------+---------+-------+---------
